Unix NetHack Version 5.0.0-0 post-release - last build May  4 2026 22:22:43 (774f63e81ad911689b3a0859ea89b322d5daca8d,branch:main).

Game began 2026-05-08 03:06:59, ended 2026-05-08 03:43:21.

Ackbladder, neutral female gnomish Wizard

                                                                --
          -------                                               .|
          |...<..                ######                ..[.......|
          |.....|        ############%#           -..............|
          --.----         ###########@#                 ....>....|
            ###############          '                  ----- ----
                          ##         ..
                        ###         ...C.
                        #           .-----
                       ##          ..
                       #           .C
                                  ...
                                  ...
                                  ..
                                  C.
                                 ---

Ackbladder the Thaumaturge  St:9 Dx:15 Co:12 In:19 Wi:11 Ch:14  Neutral
Dlvl:7  $:216 HP:0(44) Pw:59(59) AC:4  Xp:7 T:6019  Burdened

Latest messages:
 You do not owe Voulgezac anything.
 The magic-absorbing blade cancels the kobold!
 You kill the kobold!
 You hear the chime of a cash register.
 The kobold shaman points all around, then curses.
 The magic-absorbing blade stuns the kobold shaman!
 The kobold shaman points at you, then curses.
 You hit the kobold shaman.
 You kill the kobold shaman!
 You see here a kobold shaman corpse.
 The magic-absorbing blade stuns the quivering blob!
 The magic-absorbing blade cancels the quivering blob!
 You kill the quivering blob!
 Wizard needs food, badly!
 You don't have anything to eat.
 Are you sure you want to pray? [yn] (n) y
 You begin praying to Thoth.
 You are surrounded by a shimmering light.
 You finish your prayer.
 You feel that Thoth is well-pleased.
 Your stomach feels content.
 You fall down the stairs.
 You see here a key.
 You have a little trouble lifting H - a key.
 You feel an unexpected draft.
 You hear crashing rock.
 You hear a door open.
 You kill the large kobold!
 The magic-absorbing blade cancels the dwarf zombie!
 You destroy the dwarf zombie!
 You see here a dwarf corpse.
 The rope golem hits!
 The rope golem hits again!
 The rope golem grabs you!
 You miss the rope golem.
 The rope golem hits!
 The rope golem hits again!
 You are being choked.
 You hit the rope golem!
 The rope golem hits!
 The rope golem hits again!
 You are being choked.
 The magic-absorbing blade stuns the rope golem!
 You hit the rope golem!
 The rope golem hits!
 The rope golem hits again!
 You are being choked.
 You die...
 Do you want your possessions identified? [ynq] (y) y
 Do you want to see your attributes? [ynq] (y) q

Inventory:
 Coins    ('$')
  $ - 216 gold pieces
 Weapons  (')')
  E - a +0 silver arrow
  q - 9 +0 darts
  t - 8 +0 shuriken
  w - the rustproof +0 Magicbane (weapon in right hand)
  G - a blessed +0 orcish dagger
  u - a +0 orcish dagger
  a - a blessed +1 quarterstaff
  F - a +0 silver mace
 Armor    ('[')
  I - an uncursed +0 pair of speed boots (being worn)
  b - a blessed burnt +1 cloak of magic resistance
  o - an uncursed +0 cloak of protection (being worn)
  J - an uncursed +0 leather armor (being worn)
 Scrolls  ('?')
  D - an uncursed scroll of destroy armor
  x - an uncursed scroll of enchant armor
  W - an uncursed scroll of enchant weapon
  p - an uncursed scroll of fire
  j - an uncursed scroll of identify
  g - an uncursed scroll of punishment
  i - an uncursed scroll of taming
 Spellbooks  ('+')
  v - an uncursed spellbook of magic missile
 Potions  ('!')
  f - an uncursed potion of full healing
  X - an uncursed potion of healing
  N - an uncursed potion of monster detection
  R - an uncursed potion of polymorph
  r - an uncursed potion of speed
  h - 2 potions of holy water
 Rings    ('=')
  d - an uncursed +2 ring of gain strength
  e - an uncursed ring of teleport control (on right hand)
 Wands    ('/')
  y - a wand of cold (0:5)
  c - a wand of death (0:7)
 Tools    ('(')
  s - an uncursed sack containing 5 items
  P - an uncursed leash
  O - an uncursed lock pick
  n - a magic marker (0:21)
  H - an uncursed skeleton key
 Gems/Stones  ('*')
  z - 2 uncursed worthless pieces of black glass
  B - an uncursed worthless piece of white glass
  m - an uncursed worthless piece of yellow glass
  l - an uncursed worthless piece of yellowish brown glass

Contents of the sack:
  3 uncursed tripe rations
  an uncursed tin of goblin meat
  an uncursed tin of lichen
  an uncursed spellbook of detect food
  a blessed spellbook of force bolt

Ackbladder the Wizard's attributes:

Background:
 You were a Thaumaturge, a level 7 female gnomish Wizard.
 You were neutral, on a mission for Thoth
 who was opposed by Ptah (lawful) and Anhur (chaotic).
 You were right-handed.
 You were in the Dungeons of Doom, on level 7.
 You entered the dungeon 6019 turns ago.
 It was nighttime.
 You had 883 experience points, 397 more were needed to attain level 8.

Basics:
 You had 0 out of 44 hit points.
 You had all 59 energy points (spell power).
 Your armor class was 4.
 Your wallet contained 216 zorkmids.
 Autopickup was off.

Final Characteristics:
 Your strength was 9 (limit:18/50).
 Your dexterity was 15 (peak:16, limit:18).
 Your constitution was 12 (limit:18).
 Your intelligence was 19 (limit:19).
 Your wisdom was 11 (limit:18).
 Your charisma was 14 (limit:18).

Final Status:
 You were held by a rope golem (south).
 You weren't hungry.
 You were burdened; movement was slightly slowed.
 You were wielding a dagger.
 You had basic skill with dagger.

Final Attributes:
 You were piously aligned.
 You were magic-protected.
 You were telepathic.
 You had infravision.
 You had teleport control.
 You were protected.
 You were very fast.
 You are dead.

Miscellaneous:
 You didn't encounter any bones levels.
 Total elapsed playing time was 36 minutes and 21 seconds.

Major events:
 Turn
    1: Ackbladder the neutral female gnomish Wizard entered the dungeon
  945: entered the Gnomish Mines
 1150: attained the rank of Conjurer (level 3)
 4376: attained the rank of Thaumaturge (level 6)
 5317: was bestowed with Magicbane by Thoth
 6019: killed by a rope golem

Spells:
 Name                 Level Category     Fail Retention
 force bolt             1   attack         0%   61%-70%
 detect food            2   divination     0%   61%-70%

Skills:
 Fighting Skills
   bare handed combat [Unskilled]
   riding             [Unskilled]
 Weapon Skills
   dagger             [Basic]
   knife              [Unskilled]
   axe                [Unskilled]
   short sword        [Unskilled]
   club               [Unskilled]
   mace               [Unskilled]
   quarterstaff       [Skilled]
   polearms           [Unskilled]
   spear              [Unskilled]
   trident            [Unskilled]
   sling              [Unskilled]
   dart               [Unskilled]
   shuriken           [Unskilled]
 Spellcasting Skills
   attack spells      [Basic]
   healing spells     [Unskilled]
   divination spells  [Basic]
   enchantment spells [Basic]
   clerical spells    [Unskilled]
   escape spells      [Unskilled]
   matter spells      [Unskilled]

Voluntary challenges:
 Character rerolling was not enabled.
 You never genocided any monsters.
 You never polymorphed an object.
 You never changed form.
 You used no wishes.
Achievements:
 You entered the Gnomish Mines.
 You attained the rank of Conjurer.
 You entered a shop.
 You attained the rank of Thaumaturge.

 The Dungeons of Doom: levels 1 to 7
    Level 1:
       A sink.
    Level 2:
       Some fountains.
    Level 3:
       An armor shop, an altar to Thoth, a fountain.
       Stairs down to The Gnomish Mines.
    Level 4:
       A fountain.
    Level 5:
       A fountain.
    Level 6:
       A weapon shop, an altar, a fountain.
    Level 7: <- You were here.
       Final resting place for
          you, killed by a rope golem.
 The Gnomish Mines:
    Level 4:


Vanquished creatures:
  a large mimic
  4 small mimics
  a giant beetle
  a quivering blob
  2 water moccasins
 an imp
  a rock piercer
  2 rock moles
  2 ponies
  a fog cloud
  a giant ant
  5 floating eyes
  3 homunculi
  2 kobold shamans
  7 hill orcs
  3 rothes
  a rabid rat
  a giant bat
  5 orc zombies
  4 dwarf zombies
  2 iguanas
 an acid blob
  a coyote
  a large kobold
  2 hobgoblins
  6 giant rats
  5 cave spiders
  a green mold
  2 red molds
  4 geckos
  3 jackals
  2 foxes
  3 kobolds
  2 goblins
  3 sewer rats
  6 grid bugs
  2 bats
  4 lichens
  3 kobold zombies
  5 newts
106 creatures vanquished.

No species were genocided or became extinct.

Game over:
                       ----------
                      /          \
                     /    REST    \
                    /      IN      \
                   /     PEACE      \
                  /                  \
                  |    Ackbladder    |
                  |      216 Au      |
                  | killed by a rope |
                  |      golem       |
                  |                  |
                  |                  |
                  |       2026       |
                 *|     *  *  *      | *
        _________)/\\_//(\/(/\)/\//\/|_)_______

Goodbye Ackbladder the Wizard...

You died in The Dungeons of Doom on dungeon level 7 with 4027 points,
and 216 pieces of gold, after 6019 moves.
You were level 7 with a maximum of 44 hit points when you died.

